A+ EAST
ROME BRAVES @ ASHEVILLE TOURISTS
05/29/2042
 
TOP OF THE 1ST
Rome Braves batting - Pitching for Asheville Tourists : RHP Luis Hernández
Pitching: RHP Luis Hernández
Batting: RHB Jorge Lugo 0-0: Swinging Strike
0-1: Ball
1-1: Ball
2-1: Foul Ball, location: 2F
2-2: Strikes out swinging
Batting: RHB Víctor Morales 0-0: Ground out 3-1 (Groundball, 13, EV 84.4 MPH)
Batting: RHB Pete Saunders 0-0: Called Strike
0-1: SOLO HOME RUN (Flyball, 9LD, EV 95.6 MPH), Distance : 343 ft
Batting: LHB Doug Cox 0-0: Ball
1-0: Called Strike
1-1: Ball
2-1: Ground out 4-3 (Groundball, 4, EV 106.9 MPH)
Top of the 1st over - 1 run, 1 hit, 0 errors, 0 left on base; Rome 1 - Asheville 0
BOTTOM OF THE 1ST
Asheville Tourists batting - Pitching for Rome Braves : RHP Alfredo Morales
Pitching: RHP Alfredo Morales
Batting: RHB Raúl Villa 0-0: Swinging Strike
0-1: Foul Ball, location: 2F
0-2: Strikes out swinging
Batting: SHB José Morán 0-0: Ball
1-0: Foul Ball, location: 5F
1-1: Foul Ball, location: 3DF
1-2: Ball
2-2: SINGLE (Line Drive, 56D, EV 105.6 MPH)
Batting: RHB Jared Clemente 0-0: Called Strike
0-1: Called Strike
0-2: Ball
1-2: Strikes out swinging
Batting: SHB Erik Ashe 0-0: Called Strike
0-1: Foul Ball, location: 7LMFF
0-2: Ball
1-2: Ball
2-2: DOUBLE (Flyball, 89D, EV 101.3 MPH)
José Morán to third
Batting: LHB Mike Halfyard 0-0: Ball
1-0: Called Strike
1-1: Ball
2-1: Called Strike
2-2: Strikes out swinging
Bottom of the 1st over - 0 runs, 2 hits, 0 errors, 2 left on base; Rome 1 - Asheville 0
TOP OF THE 2ND
Rome Braves batting - Pitching for Asheville Tourists : RHP Luis Hernández
Batting: LHB Charlie Gibson 0-0: Called Strike
0-1: Ball
1-1: Swinging Strike
1-2: Ball
2-2: Fly out, F9 (Flyball, 9LD, EV 83.8 MPH)
Batting: RHB Alfredo Paredes 0-0: Ball
1-0: Ground out 5-3 (Groundball, 56, EV 82.5 MPH)
Batting: RHB Luis Morán 0-0: Ball
1-0: Foul Ball, location: 5FF
1-1: SINGLE (Flyball, 9LS, EV 90.0 MPH)
Batting: RHB Josh Owens 0-0: Called Strike
0-1: Ball
1-1: Ball
2-1: Swinging Strike
2-2: Strikes out swinging
Top of the 2nd over - 0 runs, 1 hit, 0 errors, 1 left on base; Rome 1 - Asheville 0
BOTTOM OF THE 2ND
Asheville Tourists batting - Pitching for Rome Braves : RHP Alfredo Morales
Batting: RHB Lou Horn 0-0: Called Strike
0-1: Ball
1-1: Foul Ball, location: 7LSF
1-2: Strikes out swinging
Batting: RHB Ben Jacobson 0-0: Foul Ball, location: 3F
0-1: Ball
1-1: Foul Ball, location: 7LMF
1-2: Foul Ball, location: 5F
1-2: Strikes out swinging
Batting: RHB Clint Hancock 0-0: Ball
1-0: Ball
2-0: Called Strike
2-1: Swinging Strike
2-2: Ball
3-2: Ground out U3 (Groundball, 34, EV 103.1 MPH)
Bottom of the 2nd over - 0 runs, 0 hits, 0 errors, 0 left on base; Rome 1 - Asheville 0
TOP OF THE 3RD
Rome Braves batting - Pitching for Asheville Tourists : RHP Luis Hernández
Batting: RHB Johnny Bonner 0-0: Ball
1-0: Fly out, F8 (Flyball, 89D, EV 95.6 MPH)
Batting: RHB Jorge Lugo 0-0: Hit by Pitch
Batting: RHB Víctor Morales 0-0: Ball
1-0: Ball
2-0: SINGLE (Groundball, 4MD, EV 99.4 MPH)
Jorge Lugo to second
Batting: RHB Pete Saunders 0-0: Called Strike
0-1: Called Strike
0-2: Strikes out swinging
Batting: LHB Doug Cox 0-0: Ball
1-0: Ball
2-0: Called Strike
2-1: Ball
3-1: Base on Balls
Jorge Lugo to third
Víctor Morales to second
Batting: LHB Charlie Gibson 0-0: Called Strike
0-1: Called Strike
0-2: Foul Ball, location: 2F
0-2: Ball
1-2: Strikes out swinging
Top of the 3rd over - 0 runs, 1 hit, 0 errors, 3 left on base; Rome 1 - Asheville 0
BOTTOM OF THE 3RD
Asheville Tourists batting - Pitching for Rome Braves : RHP Alfredo Morales
Batting: RHB José Carlos Rangel 0-0: Ball
1-0: Foul Ball, location: 5FF
1-1: SINGLE (Groundball, P, EV 90.0 MPH) (infield hit)
Batting: RHB Raúl Villa 0-0: Ball
1-0: Bunt missed!
1-1: Bunt missed!
1-2: Grounds into double play, 4-6-3 (Groundball, 4, EV 103.8 MPH)
Batting: SHB José Morán 0-0: Swinging Strike
0-1: Foul Ball, location: 2F
0-2: Ball
1-2: Ball
2-2: Ball
3-2: Base on Balls
Batting: RHB Jared Clemente 0-0: Ground out 5-3 (Groundball, 15, EV 90.6 MPH)
Bottom of the 3rd over - 0 runs, 1 hit, 0 errors, 1 left on base; Rome 1 - Asheville 0
TOP OF THE 4TH
Rome Braves batting - Pitching for Asheville Tourists : RHP Luis Hernández
Batting: RHB Alfredo Paredes 0-0: Swinging Strike
0-1: Ball
1-1: Called Strike
1-2: Ball
2-2: Ball
3-2: Fly out, F8 (Flyball, 8LXD, EV 100.6 MPH)
Batting: RHB Luis Morán 0-0: Ball
1-0: Ball
2-0: Ball
3-0: Base on Balls
Batting: RHB Josh Owens 0-0: Ball
1-0: Ball
2-0: Called Strike
2-1: Called Strike
2-2: Ball
3-2: Strikes out swinging
Batting: RHB Johnny Bonner 0-0: Ball
1-0: Fly out, F8 (Line Drive, 89D, EV 93.8 MPH)
Top of the 4th over - 0 runs, 0 hits, 0 errors, 1 left on base; Rome 1 - Asheville 0
BOTTOM OF THE 4TH
Asheville Tourists batting - Pitching for Rome Braves : RHP Alfredo Morales
Batting: SHB Erik Ashe 0-0: Called Strike
0-1: Ball
1-1: Foul Ball, location: 7LMF
1-2: Ball
2-2: Strikes out looking
Batting: LHB Mike Halfyard 0-0: Called Strike
0-1: Ball
1-1: Hit by Pitch
Batting: RHB Lou Horn 0-0: Ball
Mike Halfyard steals 2nd base
1-0: Ball
2-0: Called Strike
2-1: SINGLE (Groundball, 4MD, EV 103.8 MPH)
Mike Halfyard to third
Batting: RHB Ben Jacobson 0-0: Foul Ball, location: 2F
0-1: Ball
1-1: Called Strike
1-2: Strikes out swinging
Batting: RHB Clint Hancock 0-0: Foul Ball, location: 3FF
0-1: Ball
1-1: Foul Ball, location: 3DF
1-2: Ball
2-2: Hit by Pitch
Lou Horn to second
Batting: RHB José Carlos Rangel 0-0: Ball
1-0: Ball
2-0: Ball
3-0: Called Strike
3-1: Foul Ball, location: 9LDF
3-2: DOUBLE (Line Drive, 7LM, EV 95.0 MPH)
Mike Halfyard scores
Lou Horn scores
Clint Hancock to third
Clint Hancock scores
Batting: RHB Raúl Villa 0-0: Called Strike
0-1: Foul Ball, location: 2F
0-2: Ball
1-2: Strikes out swinging
Bottom of the 4th over - 3 runs, 2 hits, 0 errors, 1 left on base; Rome 1 - Asheville 3
TOP OF THE 5TH
Rome Braves batting - Pitching for Asheville Tourists : RHP Luis Hernández
Batting: RHB Jorge Lugo 0-0: Ball
1-0: Ball
2-0: Called Strike
2-1: Foul Ball, location: 9LSF
2-2: Ball
3-2: Base on Balls
Batting: RHB Víctor Morales 0-0: Called Strike
0-1: Grounds into double play, 6-4-3 (Groundball, 6, EV 100.0 MPH)
Batting: RHB Pete Saunders 0-0: Ball
1-0: Swinging Strike
1-1: SOLO HOME RUN (Flyball, 9D, EV 91.9 MPH), Distance : 358 ft
Batting: LHB Doug Cox 0-0: Ball
1-0: Ball
2-0: Called Strike
2-1: Foul Ball, location: 25F
2-2: Ball
3-2: Base on Balls
Batting: LHB Charlie Gibson 0-0: Swinging Strike
0-1: Ball
1-1: Called Strike
1-2: Foul Ball, location: 2F
1-2: Strikes out swinging
Top of the 5th over - 1 run, 1 hit, 0 errors, 1 left on base; Rome 2 - Asheville 3
BOTTOM OF THE 5TH
Asheville Tourists batting - Pitching for Rome Braves : RHP Alfredo Morales
Batting: SHB José Morán 0-0: Ball
1-0: Foul Ball, location: 2F
1-1: Ball
2-1: Foul Ball, location: 23FF
2-2: SINGLE (Groundball, 6S, EV 68.1 MPH) (infield hit)
Batting: RHB Jared Clemente 0-0: Called Strike
0-1: Foul Ball, location: 9LSF
0-2: Ball
1-2: Ball
2-2: Ball
3-2: Fly out, F7 (Flyball, 78S, EV 79.4 MPH)
Batting: SHB Erik Ashe 0-0: Called Strike
0-1: Ball
1-1: Ball
2-1: Foul Ball, location: 2F
2-2: Ball
3-2: Strikes out swinging
Pitching: RHP José García
Batting: LHB Mike Halfyard 0-0: Foul Ball, location: 7LMF
0-1: Ground out 4-3 (Groundball, 4, EV 105.6 MPH)
Bottom of the 5th over - 0 runs, 1 hit, 0 errors, 1 left on base; Rome 2 - Asheville 3
TOP OF THE 6TH
Rome Braves batting - Pitching for Asheville Tourists : RHP Luis Hernández
Batting: RHB Alfredo Paredes 0-0: Swinging Strike
0-1: Swinging Strike
0-2: Strikes out swinging
Batting: RHB Luis Morán 0-0: Ball
1-0: Ball
2-0: DOUBLE (Line Drive, 9LM, EV 111.3 MPH)
Batting: RHB Josh Owens 0-0: Ball
1-0: Ball
2-0: Foul Ball, location: 23F
2-1: Ball
3-1: Fly out, F9 (Flyball, 9, EV 88.8 MPH)
Pitching: LHP Lonnie Boyd
Batting: RHB Johnny Bonner 0-0: SINGLE (Line Drive, 9S, EV 96.3 MPH)
Luis Morán to third
Runner from 3rd tries for Home, SAFE, throw by RF to home
Batting: RHB Jorge Lugo 0-0: Foul Ball, location: 2F
0-1: Called Strike
0-2: Foul Ball, location: 2RF
0-2: Strikes out swinging
Top of the 6th over - 1 run, 2 hits, 0 errors, 1 left on base; Rome 3 - Asheville 3
BOTTOM OF THE 6TH
Asheville Tourists batting - Pitching for Rome Braves : RHP José García
Batting: RHB Lou Horn 0-0: Fly out, F9 (Flyball, 9, EV 90.0 MPH)
Batting: RHB Ben Jacobson 0-0: Called Strike
0-1: TRIPLE (Line Drive, 89XD, EV 104.4 MPH)
Batting: RHB Clint Hancock 0-0: Ball
1-0: Hit by Pitch
Batting: RHB José Carlos Rangel 0-0: Called Strike
0-1: Swinging Strike
0-2: Strikes out swinging
Batting: RHB Raúl Villa 0-0: Ball
1-0: SINGLE (Groundball, 56, EV 76.3 MPH)
Ben Jacobson scores
Clint Hancock to second
Batting: SHB José Morán 0-0: Ball
1-0: Ball
2-0: Called Strike
2-1: Foul Ball, location: 9LMF
2-2: Foul Ball, location: 7LDF
2-2: Ball
3-2: Hit by Pitch
Clint Hancock to third
Raúl Villa to second
Batting: RHB Jared Clemente 0-0: Ball
1-0: Ball
2-0: Foul Ball, location: 2F
2-1: Ball
3-1: Fly out, F6 (Popup, 6MD, EV 71.3 MPH)
Bottom of the 6th over - 1 run, 2 hits, 0 errors, 3 left on base; Rome 3 - Asheville 4
TOP OF THE 7TH
Rome Braves batting - Pitching for Asheville Tourists : LHP Lonnie Boyd
Batting: RHB Víctor Morales 0-0: Foul Ball, location: 3F
0-1: Swinging Strike
0-2: Ball
1-2: Strikes out swinging
Batting: RHB Pete Saunders 0-0: Ball
1-0: Called Strike
1-1: Ball
2-1: Ball
3-1: Called Strike
3-2: Strikes out looking
Pinch Hitting: RHB Danny Riach 0-0: Foul Ball, location: 3SF
0-1: Ball
1-1: Swinging Strike
1-2: Ground out 4-3 (Groundball, 4S, EV 71.9 MPH)
Top of the 7th over - 0 runs, 0 hits, 0 errors, 0 left on base; Rome 3 - Asheville 4
BOTTOM OF THE 7TH
Asheville Tourists batting - Pitching for Rome Braves : RHP José García
Now in RF: Danny Riach
Batting: SHB Erik Ashe 0-0: SINGLE (Line Drive, 8LS, EV 89.4 MPH)
Batting: LHB Mike Halfyard 0-0: Ball
1-0: Called Strike
1-1: SINGLE (Groundball, 6MS, EV 84.4 MPH)
Erik Ashe to second
Batting: RHB Lou Horn 0-0: Bunted foul
0-1: Bunted foul
0-2: Grounds into double play, 6-4-3 (Groundball, 6, EV 90.0 MPH)
Erik Ashe to third
Batting: RHB Ben Jacobson 0-0: Called Strike
0-1: DOUBLE (Line Drive, 9LM, EV 108.1 MPH)
Erik Ashe scores
Batting: RHB Clint Hancock 0-0: Foul Ball, location: 2F
0-1: Ball
1-1: Ball
2-1: Swinging Strike
2-2: Ball
3-2: Strikes out swinging
Bottom of the 7th over - 1 run, 3 hits, 0 errors, 1 left on base; Rome 3 - Asheville 5
TOP OF THE 8TH
Rome Braves batting - Pitching for Asheville Tourists : LHP Lonnie Boyd
Batting: RHB Ernesto Martínez 0-0: Called Strike
0-1: Ball
1-1: Called Strike
1-2: Foul Ball, location: 2F
1-2: Strikes out swinging
Batting: RHB Alfredo Paredes 0-0: Ground out 4-3 (Groundball, 34, EV 101.9 MPH)
Batting: RHB Luis Morán 0-0: Ball
1-0: Swinging Strike
1-1: Ball
2-1: Ball
3-1: Foul Ball, location: 7LSF
3-2: Foul Ball, location: 2F
3-2: Base on Balls
Batting: RHB Josh Owens 0-0: Called Strike
0-1: Ground out 1-3 (Groundball, 15, EV 68.8 MPH)
Top of the 8th over - 0 runs, 0 hits, 0 errors, 1 left on base; Rome 3 - Asheville 5
BOTTOM OF THE 8TH
Asheville Tourists batting - Pitching for Rome Braves : RHP José García
Batting: RHB José Carlos Rangel 0-0: Called Strike
0-1: Ball
1-1: Foul Ball, location: 7LSF
1-2: Ball
2-2: Strikes out swinging
Batting: RHB Raúl Villa 0-0: Ground out 5-3 (Groundball, 56S, EV 70.6 MPH)
Batting: SHB José Morán 0-0: Called Strike
0-1: Foul Ball, location: 7LDF
0-2: Ball
1-2: Ball
2-2: Foul Ball, location: 7LMF
2-2: Strikes out swinging
Bottom of the 8th over - 0 runs, 0 hits, 0 errors, 0 left on base; Rome 3 - Asheville 5
TOP OF THE 9TH
Rome Braves batting - Pitching for Asheville Tourists : LHP Lonnie Boyd
Pitching: RHP José Ramírez
Pinch Hitting: LHB Phil Veeck 0-0: Called Strike
0-1: Swinging Strike
0-2: Ball
1-2: Ground out 4-3 (Groundball, 4, EV 90.6 MPH)
Pinch Hitting: SHB Tomás Cruz 0-0: Foul Ball, location: 2F
0-1: Ball
1-1: Ball
2-1: Foul Ball, location: 7LDF
2-2: Foul Ball, location: 2LF
2-2: Foul Ball, location: 7LDF
2-2: Foul Ball, location: 7LDF
2-2: Foul Ball, location: 2F
2-2: Foul Ball, location: 23F
2-2: Fly out, F9 (Flyball, 9LD, EV 98.8 MPH)
Pinch Hitting: LHB Luis Martínez 0-0: Ball
1-0: Ball
2-0: Called Strike
2-1: Called Strike
2-2: Strikes out looking
Top of the 9th over - 0 runs, 0 hits, 0 errors, 0 left on base; Rome 3 - Asheville 5
Friday, May 3rd , 2024 - OOTP Baseball 24.10 Build 82